 Dungeon Crawl Stone Soup version 0.23.0-42-geed6394480 (webtiles) character file.

Game seed: 0

23216 Norn the Protected (level 13, -2/83 HPs)
             Began as a Gargoyle Monk on Feb 28, 2019.
             Was a High Priest of Okawaru.
             Slain by a spiny frog (13 damage)
             ... on level 2 of the Lair of Beasts on Mar 1, 2019.
             The game lasted 01:04:24 (27470 turns).

Norn the Protected (Gargoyle Monk)                 Turns: 27470, Time: 01:04:25

Health: -2/83      AC: 23    Str: 18    XL:     13   Next: 5%
Magic:  17/17      EV:  9    Int: 21    God:    Okawaru [*****.]
Gold:   848        SH:  5    Dex:  9    Spells: 12/12 levels left

rFire    . . .     SeeInvis .   a - +1 whip (flame)
rCold    + . .     Gourm    .   z - +0 buckler
rNeg     + . .     Faith    .   R - +0 plate armour
rPois    ∞         Spirit   .   d - +2 hat
rElec    +         Reflect  .   K - +1 cloak
rCorr    .         Harm     .   (no gloves)
MR       .....                  n - +1 pair of boots of the Ant {+Fly Int+4 Dex-3}
Stlth    ..........             (no amulet)
HPRegen  0.23/turn              k - +4 ring of intelligence
MPRegen  0.15/turn              o - ring of protection from cold

@: heroism, corroded
A: negative energy resistance 1, electricity resistance, unbreathing,
petrification resistance, rot immunity, AC +9
a: Heroism, Finesse, Renounce Religion, Evoke Flight


You were on level 2 of the Lair of Beasts.
You worshipped Okawaru.
Okawaru was extremely pleased with you.
You were not hungry.

You visited 3 branches of the dungeon, and saw 15 of its levels.
You also visited: Ice Cave.

You collected 848 gold pieces.

Inventory:

Hand Weapons
 a - a +1 whip of flaming (weapon)
   (You took it off Pikel on level 2 of the Dungeon)
 b - a +3 hunting sling
   (You found it on level 5 of the Dungeon)
 q - a +2 morningstar of pain
   (Okawaru gifted it to you on level 11 of the Dungeon)
 F - a +4 scimitar of flaming
   (You took it off Erica on level 11 of the Dungeon)
Missiles
 c - 360 stones (quivered)
 y - 3 curare-tipped needles {!f}
 C - 101 sling bullets
Armour
 d - a +2 hat (worn)
   (You took it off Gastronok on level 8 of the Dungeon)
 n - the +1 pair of boots of the Ant (worn) {+Fly Int+4 Dex-3}
   (You found it on level 8 of the Dungeon)

   It affects your intelligence (+4).
   It affects your dexterity (-3).
   It lets you fly.
 z - a +0 buckler (worn)
   (You found it on level 3 of the Dungeon)
 K - a +1 cloak (worn)
   (You found it on level 6 of the Dungeon)
 Q - a scarf of resistance
   (You found it on level 9 of the Dungeon)
 R - a +0 plate armour (worn)
   (You found it on level 10 of the Dungeon)
Jewellery
 k - a +4 ring of intelligence (left hand)
   (You found it on level 2 of the Dungeon)
 o - a ring of protection from cold (right hand)
   (You found it on level 4 of the Dungeon)
 D - an uncursed ring of flight {unknown}
   (You found it on level 9 of the Dungeon)
 H - a +3 ring of dexterity {unknown}
   (You found it on level 6 of the Dungeon)
 N - a cursed amulet of inaccuracy {unknown}
   (You found it on level 11 of the Dungeon)
 U - a cursed ring of ice {unknown}
   (You found it on level 9 of the Dungeon)
Wands
 t - a wand of flame (22)
   (You found it on level 11 of the Dungeon)
 v - a wand of digging (12)
   (You found it on level 10 of the Dungeon)
 x - a wand of acid (6)
   (You found it on level 12 of the Dungeon)
Scrolls
 f - 3 scrolls of enchant weapon
 m - 2 scrolls of amnesia
 p - 7 scrolls of remove curse {@r2}
 r - 3 scrolls of teleportation {@r4}
 u - 4 scrolls of magic mapping
 G - a scroll of blinking
 L - a scroll of fear
 M - a scroll of vulnerability {!r}
 P - a scroll of torment {unknown}
 S - a scroll of brand weapon {unknown}
 W - a scroll of acquirement {unknown}
 X - a scroll of immolation {unknown}
 Y - 2 scrolls of identify {@r1}
Potions
 g - 4 potions of haste {@q3}
 i - 5 potions of lignification {!q}
 j - 2 potions of heal wounds {unknown}
 l - 2 potions of flight
 s - 5 potions of agility
 w - 2 potions of degeneration {!q}
 A - 4 potions of cancellation
 B - 2 potions of might
 E - 3 potions of ambrosia
 I - 6 potions of curing {@q1}
 J - a potion of berserk rage {unknown}
 O - 2 potions of invisibility
 V - 2 potions of brilliance {unknown}
Miscellaneous
 h - a lamp of fire (inert)
   (You found it in an ice cave)
Comestibles
 e - 12 rations {!d}
 T - 5 chunks of flesh


   Skills:
 + Level 10.6(15.6) Fighting
 * Level 13.1(18.1) Maces & Flails
 * Level 13.7(18.7) Armour
 - Level 2.4(7.4) Dodging
 - Level 2.1(7.1) Stealth
 - Level 4.0(9.0) Shields
 - Level 5.3 Invocations


You had 12 spell levels left.
You didn't know any spells.
Your spell library contained the following spells:

 Spells                   Type           Power        Failure   Level  Hunger
 Confusing Touch          Hex            #.....       88%         1    ##.....
 Corona                   Hex            #......      88%         1    ##.....
 Flame Tongue             Conj/Fire      #....        88%         1    ##.....
 Infusion                 Chrm           #...         88%         1    ##.....
 Ensorcelled Hibernation  Hex/Ice        #.....       95%         2    ###....
 Poisonous Vapours        Pois/Air       #.....       95%         2    ###....
 Shroud of Golubria       Chrm/Tloc      #.........   95%         2    ###....
 Song of Slaying          Chrm           #.......     95%         2    ###....
 Throw Flame              Conj/Fire      #.....       95%         2    ###....
 Confuse                  Hex            #.......     99%         3    ####...
 Conjure Flame            Conj/Fire      #.......     99%         3    ####...
 Dazzling Spray           Conj/Hex       #.....       99%         3    ####...
 Gell's Gravitas          Tloc           #.........   99%         3    ####...
 Inner Flame              Hex/Fire       #.......     99%         3    ####...
 Regeneration             Chrm/Necr      #.........   99%         3    ####...
 Spectral Weapon          Hex/Chrm       #.......     99%         3    ####...
 Tukima's Dance           Hex            #.......     99%         3    ####...
 Petrify                  Tmut/Erth      #.......     100%        4    #####..
 Sticky Flame             Conj/Fire      #.......     100%        4    #####..
 Summon Lightning Spire   Summ/Air       #.......     100%        4    #####..
 Fireball                 Conj/Fire      #.........   100%        5    ######.
 Lightning Bolt           Conj/Air       #.........   100%        5    ######.
 Metabolic Englaciation   Hex/Ice        #.........   100%        5    ######.
 Yara's Violent Unravell  Hex/Tmut       #.........   100%        5    ######.
 Tornado                  Air            #.........   100%        9    #######


Dungeon Overview and Level Annotations

Branches:
Dungeon (12/15)            Temple (1/1) D:7            Lair (2/6) D:8
    Orc (0/2) D:9
  Swamp: Lair:2-4    Shoals: Lair:2-4     Snake: Lair:2-4    Spider: Lair:2-4

Altars:
Ashenzari
Cheibriados
Dithmenos
Elyvilon
Fedhas
Gozag
Hepliaklqana
Kikubaaqudgha
Makhleb
Nemelex Xobeh
Okawaru
Qazlal
Ru
Sif Muna
Trog
Uskayaw
Vehumet
Wu Jian
Xom
Yredelemnul
Zin
The Shining One

Shops:
D:10 =   D:12 *

Annotations:
D:7 2 transporters
D:10 Urug
Lair:1 2 transporters, Keyruras's ghost, novice MiBe
Lair:2 exclusion: 3 oklob plants


Innate Abilities, Weirdness & Mutations

You are resistant to torment.
Your stone body is resilient. (AC +9)
You are immune to poison.
You resist negative energy. (rN+)
You are resistant to electric shocks. (rElec)
You can survive without breathing.
You are immune to petrification.
You are immune to rotting.


Message History

You hit the plant. You burn the plant.
You gain the combat prowess of a mighty hero.
You hit the plant. You burn the plant.
You destroy the plant!
You hit the oklob plant. You burn the oklob plant.
The oklob plant spits acid at you. The splash of acid hits you.
The acid corrodes you!
You are splashed with acid!
You hit the oklob plant but do no damage.
You hit the oklob plant. You burn the oklob plant.
The oklob plant spits acid at you. The splash of acid hits you.
The acid corrodes you!
You are splashed with acid!
You hit the oklob plant but do no damage.
You hit the oklob plant but do no damage.
The oklob plant spits acid at you.
The splash of acid hits you but does no damage.
You are splashed with acid!!
* * * LOW HITPOINT WARNING * * *
Some of the chunks of flesh in your inventory have rotted away.
The oklob plant spits acid at you.
The splash of acid hits you but does no damage.
The acid corrodes you!
You are splashed with acid!
* * * LOW HITPOINT WARNING * * *
A spiny frog comes into view.
The spiny frog gives a loud, deep croak!
The spiny frog stings you but does no damage.
The spiny frog closely misses you.
You hit the spiny frog. You burn the spiny frog. You hit the spiny frog.
You burn the spiny frog. The spiny frog stings you!
* * * LOW HITPOINT WARNING * * *
Aim: a spiny frog (moderately wounded)
The bolt of acid hits the spiny frog.
The spiny frog is splashed with acid.
The acid corrodes the spiny frog!
The spiny frog closely misses you.
Aim the lamp in which direction?
Aim: a spiny frog (heavily wounded, covered in acid)
The trail of fire hits the plant.
The plant is engulfed in blazing flames.
The spiny frog barely misses you.
The plant is engulfed in blazing flames.
The spiny frog stings you but does no damage. x2
The plant is engulfed in blazing flames.
You whack the spiny frog! You burn the spiny frog.
The plant is engulfed in blazing flames.
You barely miss the spiny frog.
The plant is engulfed in blazing flames.
The spiny frog stings you but does no damage.
You hit the spiny frog but do no damage.
The plant is engulfed in blazing flames.
You destroy the plant!
The spiny frog stings you!
You die...

.... ........ ..#
........ .○# ......#
#+# .○## #.....
#.###°.# ####....#
####.##○.#
..#.....###.....#○.#
...#....#.#....#@F.#
..#.....'......##...#
.###....P#P##...##.#.#
.P......#####..#.######
........#.###P....P..$#
................^P.P$$#
.................PP$[?#
......................#
..####...........######


You could see a spiny frog.

Vanquished Creatures
  Gastronok (D:8)
  Erolcha (D:11)
  Erica (D:11)
  4 skeletal warriors
  A deep elf mage (D:12)
  Pikel (D:2)
  3 ugly things
  A black mamba (Lair:1)
  3 ice statues (IceCv)
  Maurice (D:10)
  3 spiny frogs (Lair:1)
  A gargoyle (D:11)
  A rime drake (Lair:1)
  Psyche (D:8)
  A komodo dragon (Lair:1)
  A queen bee (D:9)
  2 hornets
  4 trolls
  4 hippogriffs
  4 blink frogs (Lair:2)
  17 yaks
  2 steam dragons
  Menkaure (D:4)
  2 water moccasins
  3 porcupines
  8 ice beasts
  A black bear (D:8)
  2 orc warriors
  2 sky beasts (D:9)
  3 ogres
  4 slaves
  3 phantoms
  4 centaurs
  9 crocodiles
  A big kobold (D:8)
  7 bullfrogs
  A gnoll sergeant (D:12)
  4 scorpions
  18 killer bees
  8 wights
  2 howler monkeys (D:4)
  2 crimson imps
  A bullfrog zombie (D:5)
  A jelly (D:7)
  5 centaur skeletons
  3 hounds
  5 orc priests
  3 bullfrog skeletons
  3 iguanas
  3 orc wizards
  6 worker ants
  A hound zombie (D:9)
  2 hound skeletons
  A howler monkey zombie (D:9)
  7 gnolls
  9 adders
  A shadow imp (D:11)
  An ooze (D:2)
  An adder zombie (D:5)
  2 worms
  A dart slug (D:1)
  5 leopard geckos
  19 orcs
  7 bats
  5 giant cockroaches
  8 goblins
  8 hobgoblins
  4 jackals
  7 kobolds
  6 quokkas
  3 ball pythons
  3 frilled lizards
  A giant cockroach zombie (D:5)
  A jackal skeleton (D:4)
  A leopard gecko skeleton (D:6)
  A quokka skeleton (D:4)
  4 rats
  2 plants (Lair:2)
284 creatures vanquished.

Vanquished Creatures (others)
  5 dream sheep (D:9)
  4 fungi (D:8)
  5 plants
14 creatures vanquished.

Grand Total: 298 creatures vanquished

Notes
Turn   | Place    | Note
-------+----------+-------------------------------------------
     0 | D:1      | Norn the Gargoyle Monk began the quest for the Orb.
     0 | D:1      | Reached XP level 1. HP: 14/14 MP: 1/1
   110 | D:1      | Reached XP level 2. HP: 19/19 MP: 2/2
   154 | D:1      | Reached skill level 1 in Armour
  1325 | D:2      | Reached XP level 3. HP: 23/23 MP: 3/3
  2026 | D:2      | Reached XP level 4. HP: 23/29 MP: 4/4
  2906 | D:3      | Found a hazy altar of Hepliaklqana.
  2983 | D:3      | Reached XP level 5. HP: 24/33 MP: 5/5
  3342 | D:3      | Reached XP level 6. HP: 38/38 MP: 6/6
  3701 | D:4      | Noticed Pikel
  3702 | D:4      | Noticed a slave
  3702 | D:4      | Noticed a slave
  3837 | D:4      | Noticed Menkaure
  3915 | D:3      | Paralysed by fainting for 8 turns
  3932 | D:4      | Noticed a slave
  3957 | D:3      | Killed a slave
  4354 | D:3      | Killed a slave
  4562 | D:4      | Noticed a slave
  4593 | D:3      | Killed a slave
  5053 | D:2      | Killed a slave
  6083 | D:2      | Killed Pikel
  6083 | D:2      | Reached skill level 5 in Fighting
  6083 | D:2      | Reached skill level 5 in Maces & Flails
  6083 | D:2      | Reached skill level 5 in Armour
  6083 | D:2      | Reached XP level 7. HP: 13/44 MP: 7/7
  6431 | D:4      | Killed Menkaure
  6855 | D:4      | Found a shimmering altar of Xom.
  6904 | D:4      | Reached XP level 8. HP: 44/50 MP: 8/8
  7267 | D:5      | Entered Level 5 of the Dungeon
  9368 | D:5      | Identified the cursed +3 long sword "Ceucaq" {drain, MP+9}
  9748 | D:5      | Found an iron altar of Okawaru.
  9771 | D:5      | Became a worshipper of Warmaster Okawaru
  9771 | D:5      | Reached * piety under Okawaru
  9771 | D:5      | Reached ** piety under Okawaru
 10163 | D:6      | Reached skill level 1 in Invocations
 10262 | D:6      | Reached XP level 9. HP: 30/56 MP: 9/9
 10723 | D:7      | Found the +4 dagger "Morg" {pain, MR+ Int+5}
 10743 | D:7      | Found a transporter.
 10758 | D:7      | Noticed a death knight
 11459 | D:7      | Found a transporter.
 12292 | D:7      | Reached *** piety under Okawaru
 12375 | D:7      | Found a staircase to the Ecumenical Temple.
 12385 | Temple   | Entered the Ecumenical Temple
 12677 | D:7      | Found a basalt altar of Yredelemnul.
 12877 | D:8      | Noticed Psyche
 12881 | D:8      | Killed Psyche
 13013 | D:8      | Reached XP level 10. HP: 40/63 MP: 12/12
 13279 | D:7      | Reached **** piety under Okawaru
 14185 | D:8      | Found a staircase to the Lair.
 14196 | D:8      | Noticed Gastronok
 14523 | D:8      | Killed Gastronok
 14523 | D:8      | Reached ***** piety under Okawaru
 14523 | D:8      | Reached skill level 10 in Maces & Flails
 14523 | D:8      | Reached skill level 10 in Armour
 14523 | D:8      | Reached skill level 5 in Invocations
 14698 | D:8      | Found an ornate altar of the Wu Jian Council.
 14828 | D:8      | Got a pair of transparent boots
 15008 | D:8      | Reached skill level 1 in Shields
 15045 | D:8      | Reached XP level 11. HP: 63/68 MP: 15/15
 15554 | D:9      | Found an opulent altar of Gozag.
 16668 | D:9      | Found a shimmering altar of Xom.
 16820 | D:9      | Found a staircase to the Orcish Mines.
 17479 | D:10     | Entered Level 10 of the Dungeon
 17635 | D:10     | Noticed a skeletal warrior
 17636 | D:10     | Noticed a skeletal warrior
 17637 | D:10     | Noticed a skeletal warrior
 18032 | D:10     | Found Vuojoydd's Jewellery Shoppe.
 19222 | D:10     | Noticed a skeletal warrior
 19280 | D:10     | Killed a skeletal warrior
 19418 | D:10     | Identified the +1 pair of boots of the Ant {+Fly Int+4
                  | Dex-3} (You found it on level 8 of the Dungeon)
 19746 | D:11     | Noticed Urug
 19746 | D:11     | Noticed Maurice
 19979 | D:10     | Found Vuojoydd's Jewellery Shoppe.
 20241 | D:9      | Killed a skeletal warrior
 20802 | D:9      | Killed a skeletal warrior
 20996 | D:10     | Killed a skeletal warrior
 21927 | D:10     | Found Vuojoydd's Jewellery Shoppe.
 22165 | D:10     | Killed Maurice
 22165 | D:10     | Reached XP level 12. HP: 69/76 MP: 16/16
 22242 | D:11     | Found a shadowy altar of Dithmenos.
 22448 | D:11     | Noticed Erolcha
 22475 | D:11     | Killed Erolcha
 22475 | D:11     | Received a gift from Okawaru
 22959 | D:11     | Noticed Erica
 22997 | D:11     | Killed Erica
 23614 | D:12     | Found Silox's General Store.
 23992 | Lair:1   | Entered Level 1 of the Lair of Beasts
 24166 | Lair:1   | Found a frozen archway.
 24182 | Lair:1   | Reached skill level 10 in Fighting
 24214 | IceCv    | Entered an ice cave
 24320 | IceCv    | Received a gift from Okawaru
 24516 | IceCv    | Identified Sif Muna's Incunabulum of Aerial Battle Magic
 26443 | Lair:1   | Found a transporter.
 26447 | Lair:1   | Found a transporter.
 26447 | Lair:1   | Noticed Keyruras's ghost (novice MiBe)
 27174 | Lair:2   | Reached XP level 13. HP: 74/83 MP: 17/17
 27470 | Lair:2   | Slain by a spiny frog

Skill      XL: |  1  2  3  4  5  6  7  8  9 10 11 12 |
---------------+-------------------------------------+-----
Armour         | 1 2 3 5 7 9 10 12 13 | 13.7
Maces & Flails | 4 5 6 7 9 10 11 13 | 13.1
Fighting       | 4 5 6 7 8 9 10 | 10.6
Invocations    | 1 3 5 |  5.3
Shields        | 1 4 |  4.0
Dodging        | |  2.4
Stealth        | |  2.1

Action                   |  1- 3 |  4- 6 |  7- 9 | 10-12 | 13-15 || total
-------------------------+-------+-------+-------+-------+-------++-------
Melee: Mace              |   116 |   312 |    10 |       |       ||   438
       Whip              |       |       |   662 |  1964 |   104 ||  2730
       Punch             |       |       |       |     2 |       ||     2
 Fire: Hunting sling     |       |       |    26 |       |       ||    26
Invok: Heroism           |       |       |     1 |    30 |     1 ||    32
       Finesse           |       |       |       |     1 |       ||     1
Evoke: Wand              |       |       |     9 |     7 |     1 ||    17
       Lamp of fire      |       |       |       |       |     1 ||     1
  Use: Scroll            |     1 |     4 |     1 |    20 |       ||    26
 Stab: Sleeping          |     3 |     1 |       |       |       ||     4
       Distracted        |       |       |       |     1 |       ||     1
  Eat: Chunk             |     4 |     5 |    15 |    24 |     1 ||    49
       Ration            |       |     2 |     2 |     7 |       ||    11
Armor: Robe              |    31 |       |       |       |       ||    31
       Ring mail         |    11 |    35 |       |       |       ||    46
       Scale mail        |       |   135 |    59 |       |       ||   194
       Chain mail        |       |       |   259 |   449 |       ||   708
       Plate armour      |       |       |       |   416 |    36 ||   452
Dodge: Dodged            |    79 |   131 |   227 |   493 |    12 ||   942
Block: Buckler           |       |       |       |   249 |     5 ||   254
